 Dungeon Crawl Stone Soup version 0.29-a0-1027-gcd8c55af63 (webtiles) character file.

Game seed: 3378113195903463501

45 ytrimaz the Shield-Bearer (level 3, -1/29 HPs)
             Began as a Demonspawn Fighter on Aug 12, 2022.
             Slain by a gnoll
             ... wielding a +0 flail
              (6 damage)
             ... on level 2 of the Dungeon.
             The game lasted 00:01:26 (1636 turns).

ytrimaz the Shield-Bearer (Demonspawn Fighter)      Turns: 1636, Time: 00:01:27

Health: -1/29      AC:  6    Str: 17 (18) XL:     3   Next: 42%
Magic:  3/3        EV:  9    Int:  7 (9)  God:
Gold:   86         SH:  4    Dex: 11 (12) Spells: 2/2 levels left

rFire   . . .      SeeInvis .   a - +1 flail
rCold   . . .      Faith    .   c - +0 buckler
rNeg    . . .      Spirit   .   b - +0 scale mail
rPois   .          Reflect  .   (no helmet)
rElec   .          Harm     .   (no cloak)
rCorr   .          Rampage  .   (no gloves)
Will    .....                   (no boots)
Stlth   ..........              (no amulet)
HPRegen 0.09/turn               (no ring)
MPRegen 0.08/turn               (no ring)

@: no status effects
A: weakness stinger 1
a: no special abilities


You were on level 2 of the Dungeon.
You visited 1 branch of the dungeon, and saw 2 of its levels.

You collected 86 gold pieces.

Inventory:

Hand Weapons
 a - a +1 flail (weapon)
Armour
 b - a +0 scale mail (worn)
 c - a +0 buckler (worn)
Jewellery
 e - a ring of flight
Potions
 d - a potion of might


   Skills:
 - Level 3.0 Fighting
 + Level 2.8 Maces & Flails
 - Level 2.7 Armour
 + Level 3.3 Shields


You had 2 spell levels left.
You didn't know any spells.
Your spell library was empty.

Dungeon Overview and Level Annotations

Branches:
Dungeon (2/15)

Altars:
Dithmenos

Shops:
D:1 :


Innate Abilities, Weirdness & Mutations

You have a small tail.


Message History

You barely miss the gnoll. The gnoll barely misses you.
The gnoll hits you with a +0 flail.
You closely miss the gnoll.
You tail-slap the gnoll, but do no damage.
The gnoll hits you from afar with a +0 spear.
The gnoll hits you with a +0 flail.
* * * LOW HITPOINT WARNING * * *
The gnoll barely misses you. x2
You are too injured to fight recklessly!
You are too injured to fight recklessly!
You are too injured to fight recklessly!
You are too injured to fight recklessly!
You are too injured to fight recklessly!
You are too injured to fight recklessly!
You are too injured to fight recklessly!
Unknown command.
The gnoll throws a throwing net.
The throwing net hits you.
You become entangled in the net!
You see here a throwing net.
You struggle against the net.
You struggle against the net.
The gnoll hits you but does no damage. The gnoll hits you with a +0 flail.
* * * LOW HITPOINT WARNING * * *
Unknown command.
You struggle against the net.
The gnoll barely misses you. x2
You shred the net and break free! You block the gnoll's attack.
The gnoll hits you with a +0 flail.
* * * LOW HITPOINT WARNING * * *
The gnoll throws a throwing net.
The throwing net misses you.
Unknown command.
It was a potion of cancellation.
You feel magically purged.
Unknown command.
As you read the scroll labelled VIESONW FOOTI, it crumbles to dust.
It is a scroll of enchant weapon.
Your +0 flail glows red for a moment.
Unknown command.
The gnoll hits you but does no damage. The gnoll attacks as you move away!
The gnoll closely misses you. The gnoll attacks as you move away!
The gnoll hits you with a +0 flail.
You die...

# #.... .......... +....
#.#.##.#.# #..#.#..### ###....
#..g...#.# ..........####....##
......#g#.# #.#...............##
.#.##.#.#.####.#...............'.
# #.#.#............. ........#.
#.#......gg...# #+###+##.##.
#.###.(###....# #.###.##.##. #.
#......g@.#####.......... #.
##.####†>.....#.....#.#.. ...
###...........#.#.. #..#
#.###.#.....#.#.. #..# #.#
#.#.....'.... #..# #.#
#.#...†.##### #.# #.#.....# #..
........# ### #.##....#


You could see 3 gnolls.

Vanquished Creatures
  A dart slug (D:1)
  4 endoplasms
  A giant cockroach (D:1)
  3 goblins (D:1)
  2 hobgoblins (D:2)
  6 jackals
  A kobold (D:1)
  3 quokkas (D:1)
  3 ball pythons
  7 bats
  2 frilled lizards
  6 rats (D:1)
39 creatures vanquished.

Notes
Turn   | Place    | Note
-------+----------+-------------------------------------------
     0 | D:1      | ytrimaz the Demonspawn Fighter began the quest for the Orb.
     0 | D:1      | Reached XP level 1. HP: 18/18 MP: 1/1
   112 | D:1      | Gained mutation: You have a small tail. [demonic ancestry]
   112 | D:1      | Reached XP level 2. HP: 9/24 MP: 2/2
  1054 | D:1      | Found Ycaepel's Book Boutique.
  1079 | D:1      | Reached XP level 3. HP: 29/29 MP: 3/3
  1262 | D:2      | HP: 1/29 [jackal (2)]
  1433 | D:2      | Found a shadowy altar of Dithmenos.
  1636 | D:2      | Slain by a gnoll

Illustrated notes

Levels and vault maps discovered:
D:1:      elethiomel_arrival_fortress_basement, layout_basic, serial_shops,
          nicolae_shop_behind_doors, minmay_tree_intersection
D:2:      layout_basic, basic_altar, shapermc_ecumenical_altar_mp_ritualfount

Skill      XL: |  1 |
---------------+----+-----
Maces & Flails | 2 |  2.8
Shields        | 3 |  3.3
Fighting       | |  3.0
Armour         | |  2.7

Action                   || total
-------------------------++-------
Melee: Flail             ||   104
       Tailslap          ||     9
  Use: Scroll            ||     2
       Potion            ||     3
Armor: Scale mail        ||    74
Dodge: Dodged            ||    84
Block: Buckler           ||    29

Table legend: (Time is in decaauts)
 A = Elapsed time spent in this place.
 B = Non-inter-level travel time spent in this place.
 C = Inter-level travel time spent in this place.
 D = Time resting spent in this place.
 E = Time spent auto-exploring this place.
 F = Levels seen in this place.
 G = Mean time per level.
                   A        B        C        D        E       F      G
               +--------+--------+--------+--------+--------+-----+--------+
         Total |   1670 |   1652 |     18 |      0 |   1363 |   2 |  835.0 |
       Dungeon |   1670 |   1652 |     18 |      0 |   1363 |   2 |  835.0 |
               +--------+--------+--------+--------+--------+-----+--------+

Top non-repeatable levels by time:
     D:1: 1262 daAuts
     D:2: 408 daAuts
